 Dungeon Crawl Stone Soup version 0.29-a0-668-g12ee2bf84d (webtiles) character file.

Game seed: 2488671782374938359

13650 IdlyInterested the Basher (level 11, -18/85 HPs)
             Began as a Demonspawn Fighter on June 23, 2022.
             Killed by the air
             ... invoked by Gastronok
              (24 damage)
             ... on level 2 of the Lair of Beasts.
             The game lasted 00:32:25 (11915 turns).

IdlyInterested the Basher (Demonspawn Fighter)     Turns: 11915, Time: 00:32:26

Health: -18/85     AC: 15    Str: 35    XL:     11   Next: 78%
Magic:  11/11      EV: 11    Int: 10    God:
Gold:   64         SH: 10    Dex: 15    Spells: 10/10 levels left

rFire   + . .      SeeInvis .   i - +4 eveningstar (venom)
rCold   . . .      Faith    .   Q - +0 kite shield {rF+}
rNeg    . . .      Spirit   .   A - +0 scale mail of the Original Sin {Str+4}
rPois   .          Reflect  .   k - +1 helmet
rElec   .          Harm     .   G - +2 cloak {Will+}
rCorr   +          Rampage  .   L - +1 pair of gloves {Stlth+}
Will    +....                   (boots unavailable)
Stlth   ++........              (no amulet)
HPRegen 0.24/turn               v - ring of Yrohicuyl {rCorr Str+5}
MPRegen 0.12/turn               J - +6 ring of strength

@: no status effects
A: hooves 3, thin skeletal structure 1, demonic guardian 1, foul stench 2
a: no special abilities


You were on level 2 of the Lair of Beasts.
You visited 3 branches of the dungeon, and saw 11 of its levels.
You also visited: Ossuary and Bailey.

You collected 495 gold pieces.
You spent 431 gold pieces at shops.

Inventory:

Hand Weapons
 a - a +0 spectral flail
 i - a +4 eveningstar of venom (weapon)
 q - a +2 mace of draining
 C - a +1 whip of flaming
 F - a +2 flail of protection
 I - a +1 spear of flaming
 N - a +3 vorpal mace
 W - a -1 demon whip of venom
Missiles
 f - a throwing net
 g - 109 stones
 o - 24 poisoned darts (quivered)
 r - 5 boomerangs
 E - 3 javelins
Armour
 e - a scarf of resistance
 k - a +1 helmet (worn)
 A - the +0 scale mail of the Original Sin (worn) {Str+4}
   (You found it on level 5 of the Dungeon)

   Str:       It affects your strength (+4).
 G - a +2 cloak of willpower (worn)
 L - a +1 pair of gloves of stealth (worn)
 M - the +0 helmet "Tyagop" {-Tele Harm *Corrode rC+++}
   (You found it in a bailey)

   rC:        It renders you almost immune to cold.
   -Tele:     It prevents most forms of teleportation.
   *Corrode:  It may corrode you when you take damage.
   Harm:      It increases damage dealt and taken.
 Q - a +0 kite shield of fire resistance (worn)
 R - a +3 ring mail of poison resistance
Magical Staves
 l - a staff of poison
Jewellery
 v - the ring of Yrohicuyl (left hand) {rCorr Str+5}
   (You found it on level 4 of the Dungeon)

   [ring of resist corrosion]

   Str:       It affects your strength (+5).
   rCorr:     It protects you from acid and corrosion.
 J - a +6 ring of strength (right hand)
 K - a +4 ring of protection
Wands
 y - a wand of iceblast (9)
 z - a wand of polymorph (24)
 Y - a wand of light (5)
Scrolls
 p - 7 scrolls of teleportation
 x - 4 scrolls of identify
 B - 3 scrolls of fear
 D - 2 scrolls of summoning
 H - 2 scrolls of blinking
 P - a scroll of brand weapon
 S - a scroll of enchant weapon
 T - a scroll of enchant armour
 V - 2 scrolls of amnesia
Potions
 b - 4 potions of mutation
 c - a potion of magic
 d - a potion of lignification
 h - a potion of berserk rage
 j - 2 potions of haste
 m - 4 potions of flight
 n - 3 potions of cancellation
 s - 6 potions of curing
 t - 4 potions of brilliance
 u - 2 potions of heal wounds
 w - 6 potions of might
 O - 2 potions of invisibility
 U - a potion of ambrosia
Miscellaneous
 X - a lightning rod (4/4)


   Skills:
 * Level 7.7 Fighting
 + Level 13.2 Maces & Flails
 - Level 1.0 Throwing
 - Level 5.0 Armour
 - Level 5.0 Dodging
 - Level 7.0 Shields
 - Level 3.0 Evocations


You had 10 spell levels left.
You didn't know any spells.
Your spell library contained the following spells:

 Spells                   Type           Power      Damage    Failure   Level
 Sting                    Tmut/Pois      0%         1d3       87%         1
 Poisonous Vapours        Pois/Air       0%         N/A       95%         2
 Olgreb's Toxic Radiance  Pois           0%         N/A       100%        4
 Fireball                 Conj/Fire      0%         3d3       100%        5
 Starburst                Conj/Fire      0%         6d3       100%        6
 Ignition                 Fire           0%         3d3       100%        8


Dungeon Overview and Level Annotations

Branches:
Dungeon (8/15)             Temple (1/1) D:6            Lair (2/6) D:8
Ossuary (visited)          Bailey (visited)
  Swamp: Lair:2-4    Shoals: Lair:2-4     Snake: Lair:2-4    Spider: Lair:2-4

Altars:
Ashenzari
Cheibriados
Dithmenos
Elyvilon
Fedhas
Gozag
Hepliaklqana
Kikubaaqudgha
Makhleb
Nemelex Xobeh
Okawaru
Qazlal
Ru
Sif Muna
Trog
Uskayaw
Vehumet
Wu Jian
Xom
Yredelemnul
Zin
The Shining One

Shops:
D:2 (   D:8 *

Annotations:
Lair:2 Gastronok


Innate Abilities, Weirdness & Mutations

You have hooves in place of feet.
You have a somewhat thin skeletal structure. (Dex +2, Stealth+)
A weak demonic guardian rushes to your aid.
You sometimes emit foul miasma when damaged in melee.


Message History

Throw: 28 darts (poison)
Press: ? - help, Q - select action, (/) - cycle Shift-Dir - straight line, f - Gastronok
Aim: Gastronok, wearing a +1 hat (93% to hit)
You throw a poisoned dart. The poisoned dart hits Gastronok.
Gastronok is poisoned.
Throw: 27 darts (poison)
Press: ? - help, Q - select action, (/) - cycle Shift-Dir - straight line, f/p - Gastronok
Aim: Gastronok, wearing a +1 hat (poisoned, 93% to hit)
You throw a poisoned dart. The poisoned dart hits Gastronok.
Gastronok looks even sicker.
Gastronok's eyestalks quiver as he mumbles some strange words.
Gastronok puts on a burst of speed!
Throw: 26 darts (poison)
Press: ? - help, Q - select action, (/) - cycle Shift-Dir - straight line, f/p - Gastronok
Aim: Gastronok, wearing a +1 hat (lightly wounded, covering ground quickly, very poisoned, 93% to hit)
You throw a poisoned dart. The poisoned dart hits Gastronok.
Gastronok looks even sicker.
Gastronok is lightly wounded.
Gastronok waves his eye-stalks in wide circles.
The air twists around and strikes you!!
Throw: 25 darts (poison)
Press: ? - help, Q - select action, (/) - cycle Shift-Dir - straight line, f/p - Gastronok
Aim: Gastronok, wearing a +1 hat (lightly wounded, covering ground quickly, very poisoned, 93% to hit)
You throw a poisoned dart. The poisoned dart hits Gastronok.
Gastronok looks as sick as possible!
Gastronok is lightly wounded.
Gastronok bites you!!
* * * LOW HITPOINT WARNING * * *
A demonic guardian appears!
You emit a cloud of foul miasma!
Unknown command.
You bludgeon Gastronok!! You kick Gastronok.
Gastronok is moderately wounded.
Your rust devil hits Gastronok!
Your rust devil corrodes Gastronok!
You bludgeon Gastronok!!
Gastronok looks as sick as possible!
You kick Gastronok, but do no damage.
Gastronok is heavily wounded.
Gastronok is engulfed in dark miasma.
Gastronok looks as sick as possible!
Gastronok waves his eye-stalks in wide circles.
The air twists around and strikes you!!
You die...

)........##
#........
.[........#
##.......
P.###.....#
##...... .
#....##
#......
#....#
####.##
#P...## #♣♣
##....##
##.#....#.#
#.#@.......#
##†4w#..=.#.♣
..(.###....#
.....##
.....♣
..#...##
P..... ......
#.#... ....#.
#. #....#


You could see Gastronok (swift, extremely poisoned, corroded, ally target) and a
friendly rust devil (summoned).

Vanquished Creatures
  Amaemon (Lair:1)
  Pikel (D:7)
  2 cane toads (Lair:1)
  A black mamba (Lair:1)
  A gargoyle (Bailey)
  Joseph (D:7)
  An orange demon (Lair:1)
  A komodo dragon (Lair:2)
  Prince Ribbit (D:6)
  A hornet (D:7)
  7 blink frogs
  A vampire (Bailey)
  2 wyverns
  13 yaks
  2 steam dragons
  8 water moccasins
  4 sky beasts
  4 orc warriors
  2 ice beasts (D:7)
  A black bear (D:5)
  2 ogres (D:6)
  4 centaurs
  4 wolves (Lair:1)
  3 phantoms
  10 bullfrogs
  A gnoll sergeant (D:8)
  3 scorpions
  6 vampire bats (Bailey)
  5 wolf zombies (Bailey)
  2 centaur zombies (Ossuary)
  2 hounds (D:6)
  A human zombie (Ossuary)
  4 orc priests
  Crazy Yiuf (D:6)
  A gnoll shaman (D:7)
  2 jellies (D:7)
  Jessica (D:2)
  Terence (D:2)
  2 iguanas
  6 orc wizards
  4 mummies (Ossuary)
  Robin (D:2)
  11 gnolls
  6 adders
  3 ufetubi
  3 dart slugs
  26 orcs
  6 ball pythons
  7 endoplasms
  3 giant cockroaches
  13 goblins
  8 hobgoblins
  3 jackals
  12 kobolds
  3 quokkas
  6 bats
  2 frilled lizards
  2 gnoll zombies (Ossuary)
  A goblin zombie (Ossuary)
  A kobold zombie (Ossuary)
  21 orc zombies
  3 rats
261 creatures vanquished.

Vanquished Creatures (collateral kills)
  A hydra (Lair:1)
  An elephant (Lair:2)
  A blink frog (Lair:1)
3 creatures vanquished.

Vanquished Creatures (others)
  A bush (Lair:2)
  2 fungi (Lair:2)
  5 plants
8 creatures vanquished.

Grand Total: 272 creatures vanquished

Notes
Turn   | Place    | Note
-------+----------+-------------------------------------------
     0 | D:1      | IdlyInterested the Demonspawn Fighter began the quest for
                  | the Orb.
     0 | D:1      | Reached XP level 1. HP: 18/18 MP: 1/1
    32 | D:1      | Reached skill level 2 in Maces & Flails
   110 | D:1      | Gained mutation: You have a somewhat thin skeletal
                  | structure. (Dex +2, Stealth+) [demonic ancestry]
   110 | D:1      | Reached XP level 2. HP: 22/24 MP: 2/2
   233 | D:1      | Reached skill level 3 in Maces & Flails
   700 | D:1      | Gained mutation: You have large cloven feet. [demonic
                  | ancestry]
   700 | D:1      | Reached XP level 3. HP: 29/29 MP: 3/3
   965 | D:2      | Found Xieweal's Weapon Emporium.
  1179 | D:2      | Noticed Robin
  1193 | D:2      | Killed Robin
  1577 | D:2      | Noticed Jessica
  1586 | D:2      | Killed Jessica
  1587 | D:2      | Reached skill level 4 in Maces & Flails
  1587 | D:2      | Gained mutation: You may rarely emit foul miasma when
                  | damaged in melee. [demonic ancestry]
  1587 | D:2      | Reached XP level 4. HP: 21/35 MP: 4/4
  1889 | D:2      | Noticed Terence
  1897 | D:2      | Killed Terence
  2099 | D:2      | Bought 7 stones for 7 gold pieces
  2099 | D:2      | Bought a throwing net for 30 gold pieces
  2099 | D:2      | Bought 2 stones for 2 gold pieces
  2099 | D:2      | Bought 2 stones for 2 gold pieces
  2576 | D:3      | Gained mutation: You have hoof-like feet. [demonic
                  | ancestry]
  2576 | D:3      | Reached XP level 5. HP: 41/41 MP: 5/5
  2593 | D:3      | Reached skill level 5 in Maces & Flails
  3542 | D:3      | Identified a scroll of acquirement
  3542 | D:3      | Acquired a +3 eveningstar of venom
  3577 | D:4      | Noticed a phantom
  3581 | D:4      | Killed a phantom
  3582 | D:4      | Reached XP level 6. HP: 43/47 MP: 6/6
  3587 | D:4      | Identified the ring of Yrohicuyl {rCorr Str+5}
  3620 | D:4      | Reached skill level 6 in Maces & Flails
  4183 | D:5      | Entered Level 5 of the Dungeon
  4331 | D:5      | Identified the +0 scale mail of the Original Sin {Str+4}
  4336 | D:5      | Reached skill level 7 in Maces & Flails
  4336 | D:5      | Reached XP level 7. HP: 52/52 MP: 7/7
  4607 | D:5      | Reached skill level 8 in Maces & Flails
  4947 | D:6      | Gained mutation: You sometimes emit foul miasma when
                  | damaged in melee. [demonic ancestry]
  4947 | D:6      | Reached XP level 8. HP: 24/60 MP: 8/8
  4953 | D:6      | Noticed Prince Ribbit
  4960 | D:6      | Killed Prince Ribbit
  4961 | D:6      | Reached skill level 9 in Maces & Flails
  5069 | D:6      | Found a staircase to the Ecumenical Temple.
  5276 | D:6      | Found a sand-covered staircase.
  5285 | Ossuary  | Entered an ossuary
  5793 | D:6      | Gained mutation: A weak demonic guardian rushes to your
                  | aid. [demonic ancestry]
  5793 | D:6      | Reached XP level 9. HP: 34/65 MP: 9/9
  6102 | D:6      | Found a runed translucent door.
  6103 | D:6      | Noticed Crazy Yiuf
  6107 | D:6      | Killed Crazy Yiuf
  6200 | D:6      | Reached skill level 1 in Dodging
  6453 | D:7      | Noticed Pikel
  6462 | D:7      | Killed Pikel
  6463 | D:7      | Reached skill level 10 in Maces & Flails
  6513 | D:7      | Reached skill level 1 in Throwing
  6517 | D:7      | Reached skill level 1 in Evocations
  6531 | D:7      | Paralysed by a hornet for 3 turns
  6535 | D:7      | Reached skill level 11 in Maces & Flails
  6607 | D:7      | Found a flagged portal.
  6619 | Bailey   | Entered a bailey
  7011 | Bailey   | Gained mutation: You have hooves in place of feet. [demonic
                  | ancestry]
  7011 | Bailey   | Reached XP level 10. HP: 64/73 MP: 10/10
  7016 | Bailey   | Reached skill level 5 in Fighting
  7138 | Bailey   | Noticed a gargoyle
  7146 | Bailey   | Killed a gargoyle
  7554 | Bailey   | Identified the +0 helmet "Tyagop" {-Tele Harm *Corrode
                  | rC+++}
  7866 | D:7      | Noticed Joseph
  7872 | D:7      | Killed Joseph
  8511 | D:7      | Acquired a +1 pair of gloves of stealth
  8591 | Temple   | Entered the Ecumenical Temple
  9140 | D:8      | Found Faom's Elemental Accessories.
  9189 | D:8      | Reached skill level 5 in Armour
  9525 | D:8      | Found a shimmering altar of Xom.
  9761 | D:8      | Reached skill level 5 in Dodging
 10240 | D:8      | Found a staircase to the Lair.
 10244 | D:8      | Reached skill level 12 in Maces & Flails
 10358 | Lair:1   | Entered Level 1 of the Lair of Beasts
 10363 | Lair:1   | Noticed a black mamba
 10371 | Lair:1   | Killed a black mamba
 10404 | Lair:1   | Noticed Amaemon
 10405 | Lair:1   | Noticed an orange demon
 10411 | Lair:1   | Reached skill level 5 in Shields
 10424 | Lair:1   | Killed Amaemon
 10425 | Lair:1   | Reached XP level 11. HP: 60/81 MP: 11/11
 10459 | Lair:1   | Noticed a five-headed hydra
 10482 | Lair:1   | Killed a five-headed hydra
 11090 | Lair:1   | Identified the +10 war axe "Cokismy" {speed, *Noise Will+++
                  | Str+8 Dex-5}
 11350 | D:8      | Bought a lightning rod (4/4) for 390 gold pieces
 11833 | Lair:2   | Reached skill level 13 in Maces & Flails
 11869 | Lair:2   | Noticed Gastronok
 11915 | Lair:2   | Killed from afar by Gastronok

Illustrated notes

Levels and vault maps discovered:
D:1:      co_arrival_random_square_maze, layout_loops_ring, st_stairs_2
D:2:      layout_loops_corners, serial_shops, nicolae_shop_bloodbath_and_beyond,
          uniq_terence, uniq_jessica, uniq_robin
D:3:      minmay_chambers_of_threes, layout_basic, serial_corexii_hall,
          chequers_hall_statues_corner_a, corexii_hall_statues_t, st_stairs_12
D:4:      layout_cave_pools, st_stairs_8, nicolae_concentric_dashed_squares_wild
D:5:      layout_basic, item_on_display_a
D:6:      layout_loops_ring, minmay_temple_entry_statues,
          nicolae_ossuary_entry_ruins, kennysheep_generic_room_12,
          uniq_prince_ribbit1, uniq_crazy_yiuf_cottage
D:7:      layout_loops_corners, enter_bailey_2, minmay_liquid_box,
          minmay_fractal_squares_diagonal_5, uniq_pikel, uniq_joseph
D:8:      layout_layer_cave, gammafunk_temple_overflow_forgotten,
          grunt_lair_entry_orc_guard_hut, nicolae_elemental_shop, st_stairs_8
Temple:   compressed_dpeg_triangle_lava_temple
Lair:1:   layout_concentric_octagons, uniq_amaemon
Lair:2:   layout_concentric_octagons, nicolae_swamp_entry_splash_gauntlet,
          uniq_gastronok

Skill      XL: |  1  2  3  4  5  6  7  8  9 10 11 |
---------------+----------------------------------+-----
Maces & Flails | 2 3 4 5 7 8 9 11 12 13 | 13.2
Fighting       | 4 6 7 |  7.7
Shields        | 4 5 7 |  7.0
Armour         | 4 5 |  5.0
Dodging        | 4 5 |  5.0
Throwing       | 1 |  1.0
Evocations     | 2 3 |  3.0

Action                   |  1- 3 |  4- 6 |  7- 9 | 10-12 || total
-------------------------+-------+-------+-------+-------++-------
Melee: Flail             |    92 |   102 |       |       ||   194
       Kick              |     8 |    31 |    51 |    71 ||   161
       Mace              |       |     4 |       |       ||     4
       Eveningstar       |       |    35 |   198 |   249 ||   482
Throw: Boomerang         |       |       |     1 |       ||     1
       Dart              |       |       |       |     7 ||     7
Evoke: Wand              |       |       |       |     1 ||     1
  Use: Scroll            |     5 |    12 |     5 |     6 ||    28
       Potion            |     2 |     1 |       |       ||     3
 Stab: Sleeping          |     1 |       |       |     5 ||     6
Armor: Scale mail        |    54 |    61 |   123 |    80 ||   318
       Chain mail        |       |    11 |       |       ||    11
Dodge: Dodged            |    35 |    60 |   113 |    87 ||   295
Block: Buckler           |    17 |    34 |    59 |    18 ||   128
       Kite shield       |       |       |       |    80 ||    80

Table legend: (Time is in decaauts)
 A = Elapsed time spent in this place.
 B = Non-inter-level travel time spent in this place.
 C = Inter-level travel time spent in this place.
 D = Time resting spent in this place.
 E = Time spent auto-exploring this place.
 F = Levels seen in this place.
 G = Mean time per level.
                   A        B        C        D        E       F      G
               +--------+--------+--------+--------+--------+-----+--------+
         Total |  11984 |  11290 |    694 |   2277 |   6418 |  13 |  921.8 |
       Dungeon |   8870 |   8217 |    653 |   1287 |   5234 |   8 | 1108.8 |
        Temple |    411 |    402 |      9 |      0 |    389 |   1 |  411.0 |
          Lair |   1510 |   1479 |     31 |    335 |    795 |   2 |  755.0 |
       Ossuary |    200 |    200 |      0 |     35 |      0 |   1 |  200.0 |
        Bailey |    991 |    991 |      0 |    620 |      0 |   1 |  991.0 |
               +--------+--------+--------+--------+--------+-----+--------+

Top non-repeatable levels by time:
     D:3: 1461 daAuts
     D:6: 1340 daAuts
     D:8: 1310 daAuts
     D:7: 1246 daAuts
     D:2: 1240 daAuts
  Bailey: 991 daAuts
  Lair:1: 982 daAuts
     D:1: 923 daAuts
     D:5: 739 daAuts
     D:4: 609 daAuts
  Lair:2: 528 daAuts
  Temple: 411 daAuts
 Ossuary: 200 daAuts
